 Dungeon Crawl Stone Soup version 0.29.1-12-g30fa7ad0bf (webtiles) character file.

Game seed: 15264127069640018631

57423 cheesebisquit the Executioner (level 14, -7/88 HPs)
             Began as a Minotaur Berserker on Jan 7, 2023.
             Was an Elder of Trog.
             Killed from afar by a wretched star (28 damage)
             ... with a lance of force
             ... on level 4 of the Abyss on Jan 8, 2023.
             The game lasted 01:13:59 (17848 turns).

cheesebisquit the Executioner (Minotaur Berserker) Turns: 17848, Time: 01:14:00

Health: -7/88      AC: 24    Str: 36    XL:     14   Next: 45%
Magic:  22/22      EV: 11    Int:  6    God:    Trog [****..]
Gold:   1148       SH: 19    Dex: 16    Spells: 13/13 levels left

rFire   . . .      SeeInvis .   a - +1 war axe (spect)
rCold   + . .      Faith    .   U - +2 kite shield {rC+}
rNeg    . . .      Spirit   .   u - +7 ring mail of the Accordion {MP+9 Str+3 Int+2}
rPois   .          Reflect  +   R - +2 hat
rElec   .          Harm     .   o - +2 cloak
rCorr   .          Rampage  .   W - +0 pair of gloves
Will    +++..                   q - +1 pair of boots
Stlth   +.........              M - amulet of reflection
HPRegen 1.00/turn               O - +6 ring of strength
MPRegen 0.18/turn               S - +6 ring of dexterity

@: strong-willed, on berserk cooldown, sick, regenerating, slowed, very slow
A: horns 2, retaliatory headbutt, frail 1[+2]
a: Renounce Religion, Berserk, Trog's Hand, Brothers in Arms


You were on level 4 of the Abyss.
You worshipped Trog.
Trog was greatly pleased with you.
You visited 2 branches of the dungeon, and saw 17 of its levels.
You visited the Abyss 1 time.
You also visited: Ossuary and Ice Cave.

You collected 1260 gold pieces.
You spent 112 gold pieces at shops.

Inventory:

Hand Weapons
 a - a +1 spectral war axe (weapon)
 b - a +0 morningstar
 m - a +3 battleaxe of flaming
Missiles
 e - 150 stones (quivered)
 n - 32 poisoned darts
Armour
 o - a +2 cloak (worn)
 q - a +1 pair of boots (worn)
 u - the +7 ring mail of the Accordion (worn) {MP+9 Str+3 Int+2}
   (You found it on level 4 of the Dungeon)

   Str:       It affects your strength (+3).
   Int:       It affects your intelligence (+2).
   MP:        It affects your magic capacity (+9).
 L - a +0 plate armour
 R - a +2 hat (worn)
 U - a +2 kite shield of cold resistance (worn)
 W - a +0 pair of gloves (worn)
Jewellery
 M - an amulet of reflection (around neck)
 O - a +6 ring of strength (left hand)
 Q - a ring of fire
 S - a +6 ring of dexterity (right hand)
 V - a ring of flight
 X - a +6 ring of dexterity
Wands
 l - a wand of charming (4)
 y - a wand of roots (15)
 F - a wand of digging (6)
 N - a wand of flame (40)
 T - a wand of acid (10)
Scrolls
 c - 6 scrolls of butterflies
 d - 4 scrolls of fear
 f - 4 scrolls of immolation
 k - 12 scrolls of teleportation
 s - 4 scrolls of torment
 t - 3 scrolls of noise
 B - a scroll of blinking {unknown}
 C - 3 scrolls of vulnerability
 D - a scroll of amnesia {unknown}
 G - a scroll of magic mapping
 H - a scroll of acquirement {unknown}
 P - 5 scrolls of poison
 Y - a scroll of summoning {unknown}
Potions
 g - 2 potions of ambrosia
 h - 4 potions of might
 i - 2 potions of berserk rage
 j - 3 potions of cancellation
 p - 2 potions of brilliance
 r - a potion of haste
 v - 6 potions of flight
 w - 2 potions of invisibility
 x - 5 potions of curing
 z - 4 potions of mutation
 A - 2 potions of magic
 E - 6 potions of heal wounds
 I - 2 potions of lignification
 J - a potion of resistance {unknown}
 K - 5 potions of attraction


   Skills:
 + Level 12.7 Fighting
 - Level 22.0 Axes
 + Level 12.4 Armour
 - Level 2.6 Dodging
 + Level 12.0 Shields


You had 13 spell levels left.
You didn't know any spells.
Your spell library was empty.

Dungeon Overview and Level Annotations

Branches:
Dungeon (12/15)            Temple (0/1) D:7            Lair (5/5) D:9
  Swamp (0/4) Lair:2        Snake (0/4) Lair:2        Slime (0/5) Lair:5
    Orc (0/2) D:9         Ossuary (visited)           IceCv (visited)

Altars:
Cheibriados
Fedhas
Ru

Shops:
D:5 (   D:9 ?

Annotations:
Lair:4 exclusion: oklob plant
Lair:5 exclusion: 2 oklob plants, Sonja


Innate Abilities, Weirdness & Mutations

You have a pair of horns on your head.
You reflexively headbutt those who attack you in melee.
[You are extremely frail. (-30% HP)]


Message History

The starcursed mass shudders and withdraws towards its neighbour. x2
You block the starcursed mass's attack.
You slice the starcursed mass!!
You destroy the starcursed mass!
Trog accepts your kill.
You slash the starcursed mass!
Your +1 spectral war axe hits the starcursed mass!
You destroy the starcursed mass!
Trog accepts your kill.
Your +1 spectral war axe hits the starcursed mass!
Your +1 spectral war axe fades away.
You block the starcursed mass's attack.
A chaos spawn comes into view.
A starcursed mass splits.
A chorus of shrieks assaults your mind.
* * * LOW HITPOINT WARNING * * *
A wretched star comes into view.
The chaos spawn gives a loud, deep croak!
You hit the starcursed mass but do no damage.
The starcursed mass is severely damaged.
You hit the starcursed mass but do no damage.
Your +1 spectral war axe hits the starcursed mass!
You destroy the starcursed mass!
Trog accepts your kill.
Your +1 spectral war axe hits the starcursed mass.
You block the starcursed mass's attack.
The wretched star pulses with an eldritch light!
You feel frail. x2
You slash the starcursed mass!
You destroy the starcursed mass!
Trog accepts your kill.
A starcursed mass splits.
You slash the starcursed mass! You headbutt the starcursed mass!
The starcursed mass is severely damaged.
Your +1 spectral war axe hits the starcursed mass!
Your +1 spectral war axe hits the starcursed mass but does no damage.
The starcursed mass shudders and is absorbed by its neighbour.
The wretched star glows turbulently.
The lance of force hits you!!
You die...

# .. # ### .
..## #. ....#
..# ..#.. #..
# .... # #.##
#.)###..#.# #
##4..# . . # .
..#X.## .. ..
.# ..#(@# . .#
.. _ ##..#..#
. # .*.#.*#..
...#. .
.#######......
. #. # #... #.
. . . #..
...#.# .. . .
.... . .#
##..# # . . .
.


You could see a starcursed mass, a wretched star, a chaos spawn and a friendly
+1 spectral war axe (summoned).

Vanquished Creatures
  A tentacled starspawn (Abyss:4)
  Erolcha (D:10)
  6 hydras
  The ghost of croobank the Destroyer, a journeyman DsCj of Gozag (D:11)
  7 two-headed ogres
  10 death yaks
  4 thrashing horrors (Abyss:4)
  A flayed ghost (Abyss:4)
  An ugly thing (IceCv)
  9 elephants
  2 black mambas (Lair:5)
  Maurice (D:10)
  A torpor snail (Lair:3)
  Joseph (D:8)
  A gargoyle (D:12)
  Maggie (D:9)
  14 komodo dragons
  8 cane toads
  An efreet (Abyss:4)
  A yaktaur (D:12)
  An ice devil (Abyss:4)
  5 rime drakes
  An ancient zyme (Abyss:4)
  2 trolls (D:10)
  2 polar bears (Lair:3)
  22 blink frogs
  5 large abominations (Abyss:4)
  Sigmund (D:6)
  A small abomination (Abyss:4)
  2 centaur simulacra (D:11)
  2 spriggans (Lair:5)
  2 shadows (D:12)
  41 yaks
  A wraith (D:10)
  6 wyverns
  3 basilisks
  Grum (D:9)
  A neqoxec (Abyss:4)
  7 vampire mosquitoes
  An acid dragon (D:10)
  3 nagas (Lair:2)
  14 water moccasins
  A swamp drake (D:9)
  8 ice beasts
  A sky beast (D:6)
  6 orc warriors
  2 black bears
  An ogre (D:9)
  13 starcursed masses (Abyss:4)
  9 wolves
  2 centaurs
  9 bullfrogs
  3 kobold brigands
  6 necrophages
  2 gnoll sergeants
  12 scorpions
  4 wights (D:7)
  An elephant simulacrum (IceCv)
  6 killer bees
  3 howler monkeys
  4 human zombies (Ossuary)
  3 centaur zombies (Ossuary)
  2 hounds
  3 jellies
  10 orc priests
  2 gnoll boudas
  Crazy Yiuf (D:4)
  Jessica (D:3)
  3 scorpion zombies (Ossuary)
  3 iguanas
  13 orc wizards
  A wolf simulacrum (IceCv)
  3 mummies (Ossuary)
  21 gnolls
  9 adders
  5 white imps
  2 ufetubi
  A worm (D:11)
  4 dart slugs
  48 orcs
  6 ball pythons
  4 bats
  11 endoplasms
  2 giant cockroaches
  4 goblins
  5 hobgoblins
  2 jackals (D:2)
  4 quokkas
  5 frilled lizards
  A gnoll zombie (Ossuary)
  2 goblin zombies (Ossuary)
  A hobgoblin zombie (Ossuary)
  18 kobolds
  A kobold zombie (Ossuary)
  5 orc zombies (Ossuary)
  4 rats
  A bush (Lair:3)
  2 starspawn tentacles (Abyss:4)
502 creatures vanquished.

Vanquished Creatures (others)
  20 fungi
  80 plants
  2 starspawn tentacles (Abyss:4)
102 creatures vanquished.

Grand Total: 604 creatures vanquished

Notes
Turn   | Place    | Note
-------+----------+-------------------------------------------
     0 | D:1      | cheesebisquit the Minotaur Berserker began the quest for
                  | the Orb.
     0 | D:1      | Reached XP level 1. HP: 19/19 MP: 0/0
     0 | D:1      | Noticed a yellow draconian
     0 | D:1      | Noticed an ice dragon
     3 | D:1      | Noticed an ice dragon
     5 | D:1      | Noticed an ice dragon
     7 | D:1      | Noticed a white draconian
     9 | D:1      | Noticed an ice dragon
    11 | D:1      | Noticed a red draconian
    11 | D:1      | Noticed an orb of fire
    13 | D:1      | Noticed an ice dragon
    13 | D:1      | Noticed an ice dragon
    15 | D:1      | Noticed a shadow dragon
    15 | D:1      | Noticed an ice dragon
    15 | D:1      | Noticed a tentacled monstrosity
    17 | D:1      | Noticed an ice dragon
    17 | D:1      | Noticed a large abomination
    17 | D:1      | Noticed a green draconian
    19 | D:1      | Noticed a white draconian
    19 | D:1      | Noticed a green draconian
    21 | D:1      | Noticed an ice dragon
   252 | D:1      | Reached XP level 2. HP: 26/27 MP: 1/1
   597 | D:1      | Reached skill level 4 in Axes
  1053 | D:2      | Reached XP level 3. HP: 33/33 MP: 2/2
  1208 | D:2      | Reached ** piety under Trog
  1431 | D:2      | Reached skill level 5 in Axes
  1712 | D:2      | Reached XP level 4. HP: 40/40 MP: 3/3
  2047 | D:3      | Reached skill level 6 in Axes
  2333 | D:3      | Noticed Jessica
  2341 | D:3      | Killed Jessica
  2342 | D:3      | Reached XP level 5. HP: 46/46 MP: 4/4
  3010 | D:4      | Identified the +7 ring mail of the Accordion {MP+9 Str+3
                  | Int+2}
  3086 | D:4      | Reached skill level 7 in Axes
  3128 | D:4      | Reached skill level 8 in Axes
  3128 | D:4      | Reached XP level 6. HP: 51/52 MP: 5/5
  3302 | D:4      | Reached skill level 9 in Axes
  3365 | D:4      | Reached XP level 7. HP: 43/59 MP: 6/6
  3630 | D:4      | Found a runed translucent door.
  3631 | D:4      | Noticed Crazy Yiuf
  3680 | D:4      | Found a snail-covered altar of Cheibriados.
  3801 | D:4      | Killed Crazy Yiuf
  3828 | D:5      | Entered Level 5 of the Dungeon
  3930 | D:5      | Reached skill level 10 in Axes
  4034 | D:5      | Found Voceem's Weapon Boutique.
  4184 | D:5      | Reached skill level 11 in Axes
  4268 | D:5      | Found a sand-covered staircase.
  4273 | Ossuary  | Entered an ossuary
  4365 | Ossuary  | Reached XP level 8. HP: 65/66 MP: 7/7
  4453 | Ossuary  | Reached skill level 12 in Axes
  4556 | Ossuary  | Reached skill level 13 in Axes
  4831 | Ossuary  | Reached *** piety under Trog
  5244 | D:6      | Reached skill level 14 in Axes
  5244 | D:6      | Reached XP level 9. HP: 64/71 MP: 8/8
  5379 | D:6      | Noticed Sigmund
  5395 | D:6      | Killed Sigmund
  5700 | D:6      | Reached skill level 15 in Axes
  5738 | D:6      | HP: 1/71 [something/magic dart (6)]
  6208 | D:6      | Found a blossoming altar of Fedhas.
  6364 | D:6      | Reached skill level 16 in Axes
  6688 | D:6      | Found a sacrificial altar of Ru.
  7427 | D:7      | Found a staircase to the Ecumenical Temple.
  7613 | D:7      | Reached XP level 10. HP: 78/78 MP: 9/9
  8091 | D:8      | Reached skill level 17 in Axes
  8272 | D:8      | Noticed Joseph
  8284 | D:8      | Killed Joseph
  8776 | D:9      | Found Eluxorpho's Magic Scroll Shoppe.
  8784 | D:9      | Bought a scroll of identify for 28 gold pieces
  8784 | D:9      | Bought a scroll of identify for 28 gold pieces
  8784 | D:9      | Bought a scroll of identify for 28 gold pieces
  8784 | D:9      | Bought a scroll of identify for 28 gold pieces
  8827 | D:9      | Noticed a two-headed ogre
  8834 | D:9      | Killed a two-headed ogre
  8835 | D:9      | Reached skill level 18 in Axes
  9002 | D:9      | Found a staircase to the Lair.
  9174 | D:9      | Noticed Grum
  9187 | D:9      | Killed Grum
  9302 | D:9      | Reached skill level 19 in Axes
  9407 | D:9      | Found a staircase to the Orcish Mines.
  9424 | D:9      | Reached XP level 11. HP: 42/84 MP: 10/10
  9590 | D:9      | Noticed Maggie
  9602 | D:9      | Killed Maggie
  9858 | D:10     | Entered Level 10 of the Dungeon
 10091 | D:10     | Noticed a two-headed ogre
 10102 | D:10     | Killed a two-headed ogre
 10103 | D:10     | Reached skill level 20 in Axes
 10129 | D:10     | Noticed Maurice
 10198 | D:10     | Killed Maurice
 10396 | D:10     | Reached skill level 21 in Axes
 10516 | D:10     | Noticed Erolcha
 10525 | D:10     | Killed Erolcha
 10884 | D:11     | Found a runed translucent gate.
 10884 | D:11     | Found a runed translucent gate.
 10884 | D:11     | Found a runed translucent gate.
 10904 | D:11     | Noticed a two-headed ogre
 10917 | D:11     | Killed a two-headed ogre
 10925 | D:11     | Found a snail-covered altar of Cheibriados.
 10990 | D:11     | Noticed croobank's ghost (journeyman DsCj)
 11069 | D:11     | Identified the +0 ring mail of the Ant {rC+ Int+4}
 11294 | D:11     | Noticed a two-headed ogre
 11303 | D:11     | Killed a two-headed ogre
 11335 | D:11     | Noticed a two-headed ogre
 11339 | D:11     | Killed a two-headed ogre
 11340 | D:11     | Reached skill level 22 in Axes
 11580 | D:12     | Noticed a two-headed ogre
 11587 | D:12     | Killed a two-headed ogre
 11588 | D:12     | Reached skill level 1 in Shields
 11973 | D:12     | Reached XP level 12. HP: 92/92 MP: 11/11
 11976 | D:12     | Noticed a two-headed ogre
 11985 | D:12     | Killed a two-headed ogre
 12096 | D:12     | Reached skill level 5 in Fighting
 12223 | D:12     | Noticed a seven-headed hydra
 12231 | D:12     | Killed a seven-headed hydra
 12868 | D:11     | Killed croobank's ghost
 12869 | D:11     | Reached skill level 5 in Armour
 13012 | Lair:1   | Entered Level 1 of the Lair of Beasts
 13064 | Lair:1   | Reached skill level 5 in Shields
 13531 | Lair:1   | Found a frozen archway.
 13571 | IceCv    | Entered an ice cave
 13584 | IceCv    | Found a transporter.
 13604 | IceCv    | Found a transporter.
 13991 | Lair:2   | Noticed a death yak
 13992 | Lair:2   | Noticed a death yak
 13994 | Lair:2   | Noticed a death yak
 13995 | Lair:2   | Noticed a death yak
 13998 | Lair:2   | Noticed a death yak
 14001 | Lair:2   | Killed a death yak
 14004 | Lair:2   | Killed a death yak
 14009 | Lair:2   | Killed a death yak
 14009 | Lair:2   | Killed a death yak
 14014 | Lair:2   | Killed a death yak
 14058 | Lair:2   | Found a staircase to the Snake Pit.
 14079 | Lair:2   | Reached XP level 13. HP: 99/108 MP: 12/12
 14122 | Lair:2   | Found a staircase to the Swamp.
 14125 | Lair:2   | Reached **** piety under Trog
 15227 | Lair:3   | Reached skill level 10 in Fighting
 15615 | Lair:3   | Reached skill level 10 in Armour
 15925 | Lair:4   | Reached skill level 10 in Shields
 16660 | Lair:4   | Reached ***** piety under Trog
 16935 | Lair:5   | Entered Level 5 of the Lair of Beasts
 16939 | Lair:5   | Reached XP level 14. HP: 124/124 MP: 13/13
 17110 | Lair:5   | Found a staircase to the Slime Pits.
 17581 | Lair:5   | Noticed Sonja
 17607 | Abyss:1  | Cast into level 1 of the Abyss (Sonja)
 17620 | Abyss:3  | Found a corrupted altar of Lugonu.
 17671 | Abyss:4  | Found a corrupted altar of Lugonu.
 17676 | Abyss:4  | Found a corrupted altar of Lugonu.
 17719 | Abyss:4  | Gained mutation: [You are frail. (-10% HP)] [a neqoxec]
 17778 | Abyss:4  | Noticed a starcursed mass
 17807 | Abyss:4  | Noticed a tentacled starspawn
 17824 | Abyss:4  | Killed a tentacled starspawn
 17829 | Abyss:4  | Noticed a starcursed mass
 17848 | Abyss:4  | Killed from afar by a wretched star

Illustrated notes

Levels and vault maps discovered:
D:1:      shiori_arrival_whats_in_store_for_you, layout_loops_corners
D:2:      layout_basic
D:3:      minmay_spotlight, layout_basic, chequers_serial_rivers_room_a,
          uniq_jessica
D:4:      layout_cave_pools, kennysheep_mini, uniq_crazy_yiuf_cottage
D:5:      layout_cave_pools, enter_ossuary_2, serial_shops, shop,
          lightli_minifort
D:6:      layout_layer_cave, nicolae_ru_path_of_blood, minmay_ruined_shrine,
          uniq_sigmund
D:7:      layout_loops_ring, minmay_temple_entry_large_hall
D:8:      layout_cave_pools, uniq_joseph
D:9:      layout_long_grid, david_lair_shrubbed, erik_orc_1, serial_shops, shop,
          uniq_grum, uniq_maggie
D:10:     layout_cave_pools, grunt_ministairs_8, uniq_erolcha, uniq_maurice
D:11:     layout_loops_cross, gammafunk_ghost_icy, slow_altar_2
D:12:     layout_loops_ring
Lair:1:   layout_misc_corridors, portal_ice_cave_entry_pillars_2,
          chequers_serial_rivers_micro_e, beast_lair_carwin_5
Lair:2:   layout_concentric_octagons, minmay_swamp_entry_swarm,
          guppyfry_snake_entry_island
Lair:3:   layout_misc_corridors, hangedman_lair_generics_rect
Lair:4:   layout_small_grid, small_statue_intersection,
          kennysheep_catoblepas_arena, serial_bayou_shore_a, grunt_megastairs_2,
          infiniplex_staircase_pool
Lair:5:   guppyfry_lair_end_dragon, layout_cellular_growth,
          minmay_slime_entry_oklob_open, chequers_serial_rivers_micro_d,
          wad_woods_02, uniq_sonja
Abyss:4:  base: Temple, small_statue_intersection

Skill      XL: |  1  2  3  4  5  6  7  8  9 10 11 12 13 14 |
---------------+-------------------------------------------+-----
Fighting       | 4 8 11 12 | 12.7
Axes           | 4 5 6 8 9 11 14 16 19 22 | 22.0
Armour         | 3 8 11 12 | 12.4
Shields        | 2 7 10 12 | 12.0
Dodging        | |  2.6

Action                   |  1- 3 |  4- 6 |  7- 9 | 10-12 | 13-15 || total
-------------------------+-------+-------+-------+-------+-------++-------
Melee: Hand axe          |    83 |   108 |   261 |       |       ||   452
       Headbutt          |     8 |    14 |    64 |    80 |    88 ||   254
       Punch             |       |       |     3 |       |       ||     3
       Battleaxe         |       |       |    66 |   259 |       ||   325
       War axe           |       |       |    29 |   143 |   301 ||   473
       Morningstar       |       |       |       |     2 |    22 ||    24
Invok: Trog's Hand       |       |     3 |    15 |    18 |    10 ||    46
       Berserk           |       |     3 |     9 |    14 |     7 ||    33
  Use: Scroll            |       |     5 |     8 |    20 |       ||    33
       Potion            |       |       |     1 |     2 |       ||     3
 Stab: Distracted        |       |       |       |     1 |     7 ||     8
Armor: Animal skin       |    10 |       |       |       |       ||    10
       Leather armour    |     2 |    16 |       |       |       ||    18
       Ring mail         |       |    31 |   197 |   105 |    86 ||   419
Dodge: Dodged            |    49 |    65 |   168 |   129 |    77 ||   488
Block: Other             |       |       |       |    35 |       ||    35
       Reflection        |       |       |       |     3 |     6 ||     9
       Kite shield       |       |       |       |    72 |   235 ||   307
